AAA
SACRAMENTO RIVER CATS @ TUCSON SIDEWINDERS
05/09/2052
 
TOP OF THE 1ST
Inland Empire 66ers batting - Pitching for Iowa Cubs : RHP Brent Mauldin
Pitching: RHP Brent Mauldin
Batting: RHB Pablo García 0-0: Fly out, F7 (Line Drive, 7, EV 91.2 MPH)
Batting: RHB Elton Ford 0-0: Ground out 6-3 (Groundball, 56, EV 84.4 MPH)
Batting: SHB Van Cillo 0-0: Ball
1-0: Ball
2-0: Ball
3-0: Called Strike
3-1: Foul Ball, location: 2F
3-2: Ground out U3 (Groundball, 3, EV 91.9 MPH)
Top of the 1st over - 0 runs, 0 hits, 0 errors, 0 left on base; Inland Empire 0 - Iowa 0
BOTTOM OF THE 1ST
Iowa Cubs batting - Pitching for Inland Empire 66ers : RHP Rico Zagada
Pitching: RHP Rico Zagada
Batting: LHB Socorro García 0-0: DOUBLE (Groundball, 5L, EV 101.2 MPH)
Batting: LHB Jim Villa 0-0: Swinging Strike
0-1: Swinging Strike
0-2: Strikes out swinging
Batting: RHB Benjamin Swenson 0-0: Ball
1-0: Foul Ball, location: 2F
1-1: Swinging Strike
1-2: Strikes out swinging
Batting: RHB Doug Hall 0-0: Ball
1-0: Called Strike
1-1: Ball
2-1: Called Strike
2-2: 2-RUN HOME RUN (Flyball, 89XD, EV 100.0 MPH), Distance : 406 ft
Batting: LHB Jeffry Spurley 0-0: Called Strike
0-1: Ball
1-1: Ball
2-1: Foul Ball, location: 2F
2-2: Foul Ball, location: 2F
2-2: Foul Ball, location: 2F
2-2: Ball
3-2: Ground out 5-3 (Groundball, 56, EV 104.4 MPH)
Bottom of the 1st over - 2 runs, 2 hits, 0 errors, 0 left on base; Inland Empire 0 - Iowa 2
TOP OF THE 2ND
Inland Empire 66ers batting - Pitching for Iowa Cubs : RHP Brent Mauldin
Batting: RHB Ortiz Pereira 0-0: Ball
1-0: Ball
2-0: Fly out, F9 (Flyball, 9S, EV 95.0 MPH)
Batting: LHB Caleb Brown 0-0: Called Strike
0-1: Swinging Strike
0-2: Foul Ball, location: 2F
0-2: Strikes out looking
Batting: RHB José Teniente 0-0: Foul Ball, location: 2F
0-1: SINGLE (Groundball, 6MD, EV 95.6 MPH)
Batting: RHB Liam Temircan 0-0: Ball
1-0: Swinging Strike
1-1: Foul Ball, location: 2F
1-2: Ball
2-2: Foul Ball, location: 2F
2-2: Ball
3-2: Strikes out swinging
Top of the 2nd over - 0 runs, 1 hit, 0 errors, 1 left on base; Inland Empire 0 - Iowa 2
BOTTOM OF THE 2ND
Iowa Cubs batting - Pitching for Inland Empire 66ers : RHP Rico Zagada
Batting: RHB Chris Engel 0-0: Ball
1-0: Foul Ball, location: 2F
1-1: Called Strike
1-2: Ball
2-2: Ground out 6-3 (Groundball, 6, EV 98.1 MPH)
Batting: RHB Fred Wilson 0-0: Foul Ball, location: 2F
0-1: Fly out, F2 (Popup, 2LF, EV 81.9 MPH)
Batting: RHB Malachi Craig 0-0: Ball
1-0: Foul Ball, location: 2F
1-1: Swinging Strike
1-2: Ball
2-2: Ball
3-2: Foul Ball, location: 2F
3-2: Base on Balls
Batting: RHB Ruben Medina 0-0: Called Strike
0-1: Foul Ball, location: 2F
0-2: Ball
1-2: Ball
2-2: Fly out, F9 (Flyball, 9S, EV 86.2 MPH)
Bottom of the 2nd over - 0 runs, 0 hits, 0 errors, 1 left on base; Inland Empire 0 - Iowa 2
TOP OF THE 3RD
Inland Empire 66ers batting - Pitching for Iowa Cubs : RHP Brent Mauldin
Batting: SHB Reggie Hecox 0-0: Called Strike
0-1: Swinging Strike
0-2: Ball
1-2: Ball
2-2: Strikes out swinging
Batting: RHB Jonathan Nolasco 0-0: Called Strike
0-1: Hit by Pitch
Batting: RHB Pablo García 0-0: Ball
1-0: Foul Ball, location: 2F
1-1: Ball
2-1: Swinging Strike
2-2: Strikes out swinging
Batting: RHB Elton Ford 0-0: Ball
1-0: Ball
2-0: Fly out, F4 (Flyball, 34D, EV 91.9 MPH)
Top of the 3rd over - 0 runs, 0 hits, 0 errors, 1 left on base; Inland Empire 0 - Iowa 2
BOTTOM OF THE 3RD
Iowa Cubs batting - Pitching for Inland Empire 66ers : RHP Rico Zagada
Batting: LHB Socorro García 0-0: Called Strike
0-1: Ball
1-1: Foul Ball, location: 2F
1-2: SINGLE (Groundball, 3D, EV 107.5 MPH)
Batting: LHB Jim Villa 0-0: Ball
1-0: Foul Ball, location: 2F
1-1: Ball
2-1: SINGLE (Flyball, 78S, EV 97.5 MPH)
Socorro García to second
Runner from 2nd tries for 3rd, SAFE, throw by CF made to third
Batting: RHB Benjamin Swenson 0-0: Ball
1-0: Called Strike
1-1: Foul Ball, location: 2F
1-2: Foul Ball, location: 2F
1-2: Ball
2-2: Strikes out looking
Batting: RHB Doug Hall 0-0: Ball
1-0: Foul Ball, location: 2F
1-1: Called Strike
Jim Villa steals 2nd base
1-2: Strikes out looking
Batting: LHB Jeffry Spurley 0-0: Ball
1-0: SINGLE (Flyball, 9LS, EV 95.0 MPH)
Socorro García scores
Jim Villa to third
Runner from 3rd tries for Home, SAFE, throw by RF to home
Batting: RHB Chris Engel 0-0: Ball
1-0: Foul Ball, location: 2F
1-1: Ground out 5-3 (Groundball, 5S, EV 88.1 MPH)
Bottom of the 3rd over - 2 runs, 3 hits, 0 errors, 1 left on base; Inland Empire 0 - Iowa 4
TOP OF THE 4TH
Inland Empire 66ers batting - Pitching for Iowa Cubs : RHP Brent Mauldin
Batting: SHB Van Cillo 0-0: Ball
1-0: Ball
2-0: Fly out, F6 (Popup, 15S, EV 84.4 MPH)
Batting: RHB Ortiz Pereira 0-0: Ball
1-0: Ball
2-0: SINGLE (Line Drive, 4MD, EV 101.2 MPH)
Batting: LHB Caleb Brown 0-0: Ball
1-0: Foul Ball, location: 2F
1-1: Ball
2-1: DOUBLE (Flyball, 78D, EV 104.4 MPH)
Ortiz Pereira to third
Batting: RHB José Teniente 0-0: Ball
1-0: Foul Ball, location: 2F
1-1: Foul Ball, location: 2F
1-2: Ball
2-2: Ball
3-2: Base on Balls
Batting: RHB Liam Temircan 0-0: Ball
1-0: Fly out, F9 (Flyball, 89S, EV 95.0 MPH)
Batting: SHB Reggie Hecox 0-0: Called Strike
0-1: Ball
1-1: Foul Ball, location: 2F
1-2: Strikes out swinging
Top of the 4th over - 0 runs, 2 hits, 0 errors, 3 left on base; Inland Empire 0 - Iowa 4
BOTTOM OF THE 4TH
Iowa Cubs batting - Pitching for Inland Empire 66ers : RHP Rico Zagada
Batting: RHB Fred Wilson 0-0: Foul Ball, location: 2F
0-1: SINGLE (Line Drive, 6MD, EV 102.5 MPH)
Batting: RHB Malachi Craig 0-0: Ball
1-0: Ball
2-0: Foul Ball, location: 2F
2-1: Foul Ball, location: 2F
2-2: Fly out, F9 (Flyball, 89M, EV 91.9 MPH)
Batting: RHB Ruben Medina 0-0: Called Strike
0-1: Fly out, F7 (Flyball, 7LS, EV 91.2 MPH)
Batting: LHB Socorro García 0-0: Ball
1-0: Foul Ball, location: 2F
1-1: Ground out 4-3 (Groundball, 34, EV 88.1 MPH)
Bottom of the 4th over - 0 runs, 1 hit, 0 errors, 1 left on base; Inland Empire 0 - Iowa 4
TOP OF THE 5TH
Inland Empire 66ers batting - Pitching for Iowa Cubs : RHP Brent Mauldin
Batting: RHB Jonathan Nolasco 0-0: Ball
1-0: Called Strike
1-1: Swinging Strike
1-2: Ground out U3 (Groundball, 3, EV 96.9 MPH)
Batting: RHB Pablo García 0-0: Called Strike
0-1: Foul Ball, location: 2F
0-2: Foul Ball, location: 2F
0-2: SINGLE (Flyball, 8RS, EV 88.8 MPH)
Batting: RHB Elton Ford 0-0: Ball
1-0: Ball
2-0: Foul Ball, location: 2F
2-1: Fly out, F8 (Flyball, 8LXD, EV 97.5 MPH)
Batting: SHB Van Cillo 0-0: Ball
1-0: SINGLE (Groundball, 4MD, EV 94.4 MPH)
Pablo García to second
Runner from 2nd tries for 3rd, SAFE, throw by CF made to third
Batting: RHB Ortiz Pereira 0-0: Foul Ball, location: 2F
0-1: Ball
1-1: Ground out U3 (Groundball, 34S, EV 78.1 MPH)
Top of the 5th over - 0 runs, 2 hits, 0 errors, 2 left on base; Inland Empire 0 - Iowa 4
BOTTOM OF THE 5TH
Iowa Cubs batting - Pitching for Inland Empire 66ers : RHP Rico Zagada
Batting: LHB Jim Villa 0-0: Ball
1-0: Ball
2-0: Called Strike
2-1: Called Strike
2-2: Foul Ball, location: 2F
2-2: Fly out, F5 (Popup, 5SF, EV 62.5 MPH)
Batting: RHB Benjamin Swenson 0-0: Called Strike
0-1: Ball
1-1: DOUBLE (Line Drive, 7LM, EV 96.2 MPH)
Batting: RHB Doug Hall 0-0: Swinging Strike
0-1: Ball
1-1: Foul Ball, location: 2F
1-2: Fly out, F4 (Popup, 4MD, EV 60.6 MPH)
Batting: LHB Jeffry Spurley 0-0: Ball
1-0: Called Strike
1-1: Called Strike
1-2: Ball
2-2: Ground out U3 (Groundball, 34S, EV 75.6 MPH)
Bottom of the 5th over - 0 runs, 1 hit, 0 errors, 1 left on base; Inland Empire 0 - Iowa 4
TOP OF THE 6TH
Inland Empire 66ers batting - Pitching for Iowa Cubs : RHP Brent Mauldin
Batting: LHB Caleb Brown 0-0: Foul Ball, location: 2F
0-1: Called Strike
0-2: DOUBLE (Flyball, 8LXD, EV 97.5 MPH)
Batting: RHB José Teniente 0-0: Foul Ball, location: 2F
0-1: Swinging Strike
0-2: Ball
1-2: Hit by Pitch
Batting: RHB Liam Temircan 0-0: Ball
1-0: Ball
2-0: Ball
3-0: Called Strike
3-1: Swinging Strike
3-2: Grounds into double play, 5-4-3 (Groundball, 56, EV 104.4 MPH)
Caleb Brown to third
Batting: SHB Reggie Hecox 0-0: Called Strike
0-1: Foul Ball, location: 2F
0-2: Foul Ball, location: 2F
0-2: Ball
1-2: Strikes out swinging
Top of the 6th over - 0 runs, 1 hit, 0 errors, 1 left on base; Inland Empire 0 - Iowa 4
BOTTOM OF THE 6TH
Iowa Cubs batting - Pitching for Inland Empire 66ers : RHP Rico Zagada
Batting: RHB Chris Engel 0-0: Called Strike
0-1: Called Strike
0-2: Foul Ball, location: 2F
0-2: Strikes out swinging
Pitching: LHP Luís Pérez
Batting: RHB Fred Wilson 0-0: Ball
1-0: Called Strike
1-1: Ball
2-1: Swinging Strike
2-2: Ball
3-2: Foul Ball, location: 2F
3-2: Ground out 6-3 (Groundball, 6M, EV 86.2 MPH)
Batting: RHB Malachi Craig 0-0: Fly out, F6 (Flyball, 6MD, EV 88.1 MPH)
Bottom of the 6th over - 0 runs, 0 hits, 0 errors, 0 left on base; Inland Empire 0 - Iowa 4
TOP OF THE 7TH
Inland Empire 66ers batting - Pitching for Iowa Cubs : RHP Brent Mauldin
Batting: RHB Jonathan Nolasco 0-0: Ground out 6-3 (Groundball, 6, EV 100.0 MPH)
Batting: RHB Pablo García 0-0: Ball
1-0: Ball
2-0: Called Strike
2-1: Ball
3-1: Called Strike
3-2: Foul Ball, location: 2F
3-2: Strikes out swinging
Batting: RHB Elton Ford 0-0: Called Strike
0-1: Swinging Strike
0-2: Ball
1-2: Foul Ball, location: 2F
1-2: Foul Ball, location: 2F
1-2: SINGLE (Flyball, 89S, EV 93.8 MPH)
Pitching: RHP Jeff Summers
Batting: SHB Van Cillo 0-0: Ball
1-0: Ball
2-0: 2-RUN HOME RUN (Flyball, 89XD, EV 112.5 MPH), Distance : 447 ft
Batting: RHB Ortiz Pereira 0-0: Called Strike
0-1: DOUBLE (Flyball, 8LXD, EV 103.1 MPH)
Batting: LHB Caleb Brown 0-0: Ground out 5-3 (Groundball, 5, EV 105.0 MPH)
Top of the 7th over - 2 runs, 3 hits, 0 errors, 1 left on base; Inland Empire 2 - Iowa 4
BOTTOM OF THE 7TH
Iowa Cubs batting - Pitching for Inland Empire 66ers : LHP Luís Pérez
Batting: RHB Ruben Medina 0-0: Foul Ball, location: 2F
0-1: Ball
1-1: Called Strike
1-2: Strikes out swinging
Batting: LHB Socorro García 0-0: Called Strike
0-1: Ground out 4-3 (Groundball, 4, EV 80.6 MPH)
Batting: LHB Jim Villa 0-0: DOUBLE (Line Drive, 89XD, EV 106.9 MPH)
Batting: RHB Benjamin Swenson 0-0: Ball
1-0: Foul Ball, location: 2F
1-1: Ball
2-1: DOUBLE (Flyball, 78D, EV 99.4 MPH)
Jim Villa scores
Batting: RHB Doug Hall 0-0: Ball
1-0: Swinging Strike
1-1: Ball
2-1: Called Strike
2-2: Ball
3-2: Strikes out swinging
Bottom of the 7th over - 1 run, 2 hits, 0 errors, 1 left on base; Inland Empire 2 - Iowa 5
TOP OF THE 8TH
Inland Empire 66ers batting - Pitching for Iowa Cubs : RHP Jeff Summers
Now in LF: Ruben Medina
Now in RF: Hunter Harris
Batting: RHB José Teniente 0-0: Called Strike
0-1: Fly out, F8 (Line Drive, 8LD, EV 98.1 MPH)
Batting: RHB Liam Temircan 0-0: Ball
1-0: Called Strike
1-1: Ball
2-1: Foul Ball, location: 2F
2-2: Strikes out looking
Batting: SHB Reggie Hecox 0-0: Called Strike
0-1: Foul Ball, location: 2F
0-2: Ball
1-2: Strikes out swinging
Top of the 8th over - 0 runs, 0 hits, 0 errors, 0 left on base; Inland Empire 2 - Iowa 5
BOTTOM OF THE 8TH
Iowa Cubs batting - Pitching for Inland Empire 66ers : LHP Luís Pérez
Batting: LHB Jeffry Spurley 0-0: Ball
1-0: Swinging Strike
1-1: Ground out 6-3 (Groundball, 6, EV 105.0 MPH)
Batting: RHB Chris Engel 0-0: Called Strike
0-1: Ball
1-1: Ball
2-1: Ball
3-1: Swinging Strike
3-2: Base on Balls
Batting: RHB Fred Wilson 0-0: SINGLE (Line Drive, 8RS, EV 105.0 MPH)
Chris Engel to second
Batting: RHB Malachi Craig 0-0: Called Strike
0-1: Ball
1-1: Called Strike
1-2: Foul Ball, location: 2F
1-2: Strikes out swinging
Batting: RHB Ruben Medina 0-0: Swinging Strike
0-1: Ball
1-1: Foul Ball, location: 2F
1-2: Ball
2-2: Ball
3-2: Base on Balls
Chris Engel to third
Fred Wilson to second
Batting: LHB Socorro García 0-0: Called Strike
0-1: Ball
1-1: Fly out, F8 (Flyball, 8RD, EV 98.1 MPH)
Bottom of the 8th over - 0 runs, 1 hit, 0 errors, 3 left on base; Inland Empire 2 - Iowa 5
TOP OF THE 9TH
Inland Empire 66ers batting - Pitching for Iowa Cubs : RHP Jeff Summers
Pitching: RHP Rosario Elizalde
Batting: RHB Jonathan Nolasco 0-0: DOUBLE (Groundball, 5L, EV 98.8 MPH)
Batting: RHB Pablo García 0-0: Called Strike
0-1: Ball
1-1: Ball
2-1: Ball
3-1: Base on Balls
Pinch Hitting: LHB Daniel Calderon 0-0: Ball
1-0: Foul Ball, location: 2F
1-1: Ball
2-1: Grounds into double play, 4-6-3 (Groundball, 13, EV 88.8 MPH)
Jonathan Nolasco to third
Batting: SHB Van Cillo 0-0: Ball
1-0: Fly out, F8 (Line Drive, 8LM, EV 86.2 MPH)
Top of the 9th over - 0 runs, 1 hit, 0 errors, 1 left on base; Inland Empire 2 - Iowa 5
Saturday, April 20th , 2024 - OOTP Baseball 24.11 Build 85